 Dungeon Crawl Stone Soup version 0.29-a0-283-ga02f740833 (webtiles) character file.

Game seed: 5082491871323481223

1 Anunax the Grasshopper (level 1, -3/12 HPs)
             Began as a Gargoyle Warper on Mar 13, 2022.
             Slain by a quokka (4 damage)
             ... on level 1 of the Dungeon.
             The game lasted 00:01:04 (180 turns).

Anunax the Grasshopper (Gargoyle Warper)             Turns: 180, Time: 00:01:04

Health: -3/12      AC:  5    Str: 14    XL:     1   Next: 20%
Magic:  3/3        EV: 11    Int: 13    God:
Gold:   0          SH:  0    Dex:  9    Spells: 4/4 levels left

rFire   . . .      SeeInvis .   a - +0 short sword
rCold   . . .      Faith    .   (no shield)
rNeg    + . .      Spirit   .   b - +0 leather armour
rPois   ∞          Reflect  .   (no helmet)
rElec   +          Harm     .   (no cloak)
rCorr   .          Rampage  .   (no gloves)
Will    .....                   (no boots)
Stlth   +.........              (no amulet)
HPRegen 0.04/turn               (no ring)
MPRegen 0.08/turn               (no ring)

@: no status effects
A: sickness immunity, AC +2, negative energy resistance 1, electricity
resistance, torment resistance 1, petrification resistance
a: no special abilities


You were on level 1 of the Dungeon.
You visited 1 branch of the dungeon, and saw 1 of its levels.

Inventory:

Hand Weapons
 a - a +0 short sword (weapon)
Missiles
 d - 7 boomerangs of dispersal (quivered)
Armour
 b - a +0 leather armour (worn)
Scrolls
 c - a scroll of blinking


   Skills:
 + Level 2.1 Fighting
 + Level 1.7 Short Blades
 + Level 0.8 Throwing
 + Level 1.1 Armour
 + Level 1.5 Dodging
 + Level 2.0 Spellcasting
 + Level 2.8 Translocations


You had 4 spell levels left.
You didn't know any spells.
Your spell library contained the following spells:

 Spells                   Type           Power      Damage    Failure   Level
 Blink                    Tloc           16%        N/A       16%         2
 Gell's Gravitas          Tloc           8%         N/A       30%         3
 Lesser Beckoning         Tloc           8%         N/A       30%         3
 Teleport Other           Tloc           8%         N/A       30%         3
 Manifold Assault         Tloc           8%         N/A       95%         5


Dungeon Overview and Level Annotations

Branches:
Dungeon (1/15)

Altars:


Innate Abilities, Weirdness & Mutations

You are immune to sickness and miasma.
Your stone body is resilient. (AC +2)
You are immune to poison.
You resist negative energy. (rN+)
You are resistant to electric shocks. (rElec)
You are resistant to unholy torment.
You are immune to petrification.


Message History

HP restored.
A kobold and a quokka come into view.
The kobold shouts!
You hear a shout!
You barely miss the quokka. The quokka closely misses you.
The quokka bites you but does no damage.
You barely miss the quokka. The quokka barely misses you.
You hit the quokka but do no damage.
The quokka bites you but does no damage.
You hit the quokka.
The quokka is lightly wounded.
The quokka barely misses you.
You hit the quokka but do no damage.
The quokka is lightly wounded.
The quokka closely misses you.
The kobold hits you with a +0 short sword.
You hit the quokka.
The quokka is moderately wounded.
The quokka closely misses you.
The kobold hits you with a +0 short sword.
The quokka bites you.
You hit the quokka. Your punch misses the quokka.
The quokka is severely wounded.
The quokka barely misses you.
The kobold hits you with a +0 short sword.
You closely miss the quokka.
The quokka is severely wounded.
The quokka bites you.
* * * LOW HITPOINT WARNING * * *
The kobold hits you but does no damage.
You barely miss the quokka. You punch the quokka.
The quokka is almost dead.
The quokka closely misses you. The kobold closely misses you.
You hit the quokka but do no damage.
The quokka is almost dead.
The quokka misses you. The kobold closely misses you.
You closely miss the quokka.
The quokka is almost dead.
The quokka closely misses you. The kobold hits you but does no damage.
The quokka bites you.
You die...

#### # ##..## ######
###....###
.....#####........##
.......##..........##
#...................#####
.................K..#..8###
###.##..........@r........#
#####.......####..#).8#.#
##8.8#### ########.# ##.##
#.# ..# #.# .## ##r# #..#
#.## #K#


You could see a quokka and a kobold.

Vanquished Creatures
  An endoplasm (D:1)
1 creature vanquished.

Notes
Turn   | Place    | Note
-------+----------+-------------------------------------------
     0 | D:1      | Anunax the Gargoyle Warper began the quest for the Orb.
     0 | D:1      | Reached XP level 1. HP: 12/12 MP: 3/3
   180 | D:1      | Slain by a quokka

Illustrated notes

Levels and vault maps discovered:
D:1:      eino_arrival_cavern_e, layout_rooms, shapermc_ecumenical_altar_pompeii

Action                   || total
-------------------------++-------
Melee: Short sword       ||    14
       Punch             ||     1
Armor: Leather armour    ||     5
Dodge: Dodged            ||    12

Table legend: (Time is in decaauts)
 A = Elapsed time spent in this place.
 B = Non-inter-level travel time spent in this place.
 C = Inter-level travel time spent in this place.
 D = Time resting spent in this place.
 E = Time spent auto-exploring this place.
 F = Levels seen in this place.
 G = Mean time per level.
                   A        B        C        D        E       F      G
               +--------+--------+--------+--------+--------+-----+--------+
         Total |    180 |    180 |      0 |    104 |     39 |   1 |  180.0 |
       Dungeon |    180 |    180 |      0 |    104 |     39 |   1 |  180.0 |
               +--------+--------+--------+--------+--------+-----+--------+

Top non-repeatable levels by time:
     D:1: 180 daAuts
